 Dungeon Crawl Stone Soup version 0.30-b1-2-g02819fbbbe (webtiles) character file.

Game seed: 17056011348368758767

165 Alarkh the Shooter (level 5, -1/39 HPs)
             Began as a Demonspawn Hunter on May 23, 2023.
             Was a Follower of Uskayaw.
             Slain by an orc wizard
             ... wielding a +0 dagger
              (2 damage)
             ... on level 3 of the Dungeon.
             The game lasted 00:03:30 (1937 turns).

Alarkh the Shooter (Demonspawn Hunter)              Turns: 1937, Time: 00:03:30

Health: -1/39      AC:  3    Str:  8 (11) XL:     5   Next: 22%
Magic:  5/5        EV: 11    Int: 11 (13) God:    Uskayaw [*.....]
Gold:   189        SH:  0    Dex: 14 (16) Spells: 4/4 levels left

rFire   + .          .
                       - Unarmed
rCold   + . .        (no shield)
rNeg    . . .        c - +0 leather armour
rPois   +            (no helmet)
rElec   +            (no cloak)
rCorr   +            (no gloves)
SInv    .            (no boots)
Will    .....        (no amulet)
Stlth   +            (no ring)
HPRegen 0.26/turn    (no ring)
MPRegen 0.09/turn

%: no passive effects
@: resistant
A: weakness stinger 2
a: Renounce Religion, Stomp


You were on level 3 of the Dungeon.
You worshipped Uskayaw.
Uskayaw was noncommittal.
You visited 1 branch of the dungeon, and saw 3 of its levels.

You collected 189 gold pieces.

Inventory:

Hand Weapons
 a - a +0 shortbow
Armour
 c - a +0 leather armour (worn)
Scrolls
 b - a scroll of immolation
 d - a scroll of noise {unknown}
 f - a scroll of enchant armour {unknown}
 j - a scroll of torment {unknown}
 m - a scroll of vulnerability {unknown}
 p - a scroll of brand weapon {unknown}
 q - a scroll of summoning {unknown}
 r - 2 scrolls of identify
 s - a scroll of teleportation {unknown}
 t - a scroll of fog {unknown}
 u - a scroll of silence {unknown}
Potions
 e - 2 potions of cancellation
 g - a potion of lignification
 h - a potion of might
 i - a potion of mutation
 l - a potion of heal wounds {unknown}
 n - a potion of resistance
 o - a potion of degeneration
 v - a potion of flight {unknown}


   Skills:
 + Level 2.6 Fighting
 * Level 5.2 Ranged Weapons
 - Level 1.7 Dodging
 - Level 0.8 Stealth
 * Level 1.8 Unarmed Combat
 + Level 0.6 Invocations


You had 4 spell levels left.
You didn't know any spells.
Your spell library contained the following spells:

 Spells                   Type           Power      Damage    Failure   Level
 Poisonous Vapours        Pois/Air       0%         N/A       61%         2
 Static Discharge         Conj/Air       0%         2-2/arc   61%         2
 Mephitic Cloud           Conj/Pois/Air  0%         N/A       83%         3
 Airstrike                Air            0%         2d(0-16)  99%         4
 Summon Lightning Spire   Summ/Air       0%         N/A       99%         4
 Freezing Cloud           Conj/Ice/Air   0%         6-21      100%        5


Dungeon Overview and Level Annotations

Branches:
Dungeon (3/15)

Altars:
Dithmenos
Trog
Uskayaw

Shops:
D:1 =


Innate Abilities, Weirdness & Mutations

You have a tail ending in a sharp stinger.


Message History

The puff of flame misses you.
You hit something.
You hear some strange, mumbled words.
You are confused.
You're too confused to move!
Something hits you.
You feel better. Something hits you but does no damage.
You hit something. Something hits you.
You hit something. You hit something but do no damage.
Something hits you but does no damage.
You barely miss something.
You hear some strange, mumbled words.
A puff of flame appears from out of thin air!
The puff of flame hits you!
* * * LOW HITPOINT WARNING * * *
You closely miss something. Something hits you but does no damage.
It was a potion of resistance.
You feel protected. Something hits you.
* * * LOW HITPOINT WARNING * * *
It was a potion of degeneration.
There was something very wrong with that liquid.
You feel weakened.
You feel dopey.
You feel clumsy. Something hits you.
* * * LOW HITPOINT WARNING * * *
You feel better. Something hits you.
* * * LOW HITPOINT WARNING * * *
Uskayaw prepares the audience for your solo!
You barely miss something.
Your tail-slap misses something.
The orc is no longer paralysed.
Something hits you.
* * * LOW HITPOINT WARNING * * *
You closely miss something. Something hits you.
* * * LOW HITPOINT WARNING * * *
You miss something.
Your tail-slap misses something.
Something hits you.
* * * LOW HITPOINT WARNING * * *
You closely miss something. Something hits you.
* * * LOW HITPOINT WARNING * * *
You can no longer pass through a line of other dancers.
You miss something. Something hits you but does no damage.
You hit something. Something hits you.
You die...

...###.###...... ...# #.#
#....#### ...#
#.###.......# .
...###..##.......# ..
##....#....).##..# ...
.#...............# ....
.##...##.#...##### .....
.##...##.###..####......
.##...##.# ##...@{o.....
.#######.# #..###..†.). .#
#.# ##..#†...... .# #.#
#..#..<.... .# #.#
#..#....... .#######.##
#..#....... ..........#
#...### #
##############.#...# #
...............###.####....


You could see an orc.

Vanquished Creatures
  A hound (D:3)
  5 adders
  A gnoll (D:1)
  2 worms
  2 dart slugs
  An orc (D:3)
  3 endoplasms
  3 giant cockroaches
  4 goblins (D:1)
  6 hobgoblins
  6 jackals
  9 kobolds
  A quokka (D:1)
  11 ball pythons
  6 bats
  3 frilled lizards
  5 rats
69 creatures vanquished.

Notes
Turn   | Place    | Note
-------+----------+-------------------------------------------
     0 | D:1      | Alarkh the Demonspawn Hunter began the quest for the Orb.
     0 | D:1      | Reached XP level 1. HP: 16/16 MP: 1/1
    73 | D:1      | Reached skill level 4 in Ranged Weapons
    76 | D:1      | Gained mutation: You have a small tail. [demonic ancestry]
    76 | D:1      | Reached XP level 2. HP: 22/22 MP: 2/2
   255 | D:1      | Reached XP level 3. HP: 16/27 MP: 3/3
   398 | D:1      | Found a faded altar of an unknown god.
   462 | D:1      | Found Zelatt's Jewellery Shop.
   976 | D:2      | Reached XP level 4. HP: 29/33 MP: 4/4
  1001 | D:2      | Found a shadowy altar of Dithmenos.
  1235 | D:2      | Reached skill level 1 in Unarmed Combat
  1373 | D:3      | Reached skill level 5 in Ranged Weapons
  1491 | D:3      | Found a hide-covered altar of Uskayaw.
  1533 | D:3      | Became a worshipper of Uskayaw the Reveller
  1615 | D:3      | Reached * piety under Uskayaw
  1649 | D:3      | Gained mutation: You have a tail ending in a sharp stinger.
                  | [demonic ancestry]
  1649 | D:3      | Reached XP level 5. HP: 39/39 MP: 5/5
  1753 | D:3      | Found a bloodstained altar of Trog.
  1895 | D:3      | Reached ** piety under Uskayaw
  1918 | D:3      | Reached *** piety under Uskayaw
  1934 | D:3      | HP: 1/39 [something (3)]
  1937 | D:3      | Slain by an orc wizard

Illustrated notes

Levels and vault maps discovered:
D:1:      lightli_arrival_noodles, layout_rooms, serial_shops,
          nicolae_shop_tiny_glass, ebering_ecumenical_altar_hall
D:2:      layout_rooms, basic_altar, minmay_quantized
D:3:      layout_basic, mainiacjoe_overflow_alcove_2, nicolae_uskayaw_suspiria,
          gammafunk_ghost_grave

Skill      XL: |  1  2  3  4 |
---------------+-------------+-----
Ranged Weapons | 4 5 |  5.2
Unarmed Combat | 1 |  1.8
Fighting       | |  2.6
Dodging        | |  1.7
Stealth        | |  0.8
Invocations    | |  0.6

Action                     |  1- 3 |  4- 6 || total
---------------------------+-------+-------++-------
  Melee: Unarmed           |     1 |    33 ||    34
         Tailslap          |       |     3 ||     3
   Fire: Shortbow          |   120 |    66 ||   186
    Use: Potion            |     1 |     4 ||     5
         Scroll            |       |     4 ||     4
 Armour: Leather armour    |    24 |    12 ||    36
  Dodge: Dodged            |    48 |    20 ||    68
